SKY
ST. LOUIS CARDINALS @ ARIZONA DIAMONDBACKS
06/01/2052
 
TOP OF THE 1ST
St. Louis Cardinals batting - Pitching for Arizona Diamondbacks : RHP Jon Brownell
Pitching: RHP Jon Brownell
Batting: SHB Joseph Mitchell 0-0: Called Strike
0-1: Called Strike
0-2: Ball
1-2: Strikes out looking
Batting: LHB Josef Rosendorff 0-0: Swinging Strike
0-1: Swinging Strike
0-2: Ball
1-2: Strikes out swinging
Batting: RHB Edward Lepak 0-0: Foul Ball, location: 2F
0-1: Ball
1-1: Foul Ball, location: 9LMF
1-2: Ball
2-2: Ball
3-2: Ground out 4-3 (Groundball, 4, EV 90.6 MPH)
Top of the 1st over - 0 runs, 0 hits, 0 errors, 0 left on base; St. Louis 0 - Arizona 0
BOTTOM OF THE 1ST
Arizona Diamondbacks batting - Pitching for St. Louis Cardinals : RHP Jamison Bond
Pitching: RHP Jamison Bond
Batting: RHB Gaius Raton 0-0: Ball
1-0: Called Strike
1-1: Foul Ball, location: 5DF
1-2: Ball
2-2: Ball
3-2: Ground out 4-3 (Groundball, 4, EV 89.4 MPH)
Batting: LHB Glenn Pichardo 0-0: Called Strike
0-1: Ball
1-1: Swinging Strike
1-2: Ball
2-2: DOUBLE (Flyball, 9LD, EV 98.1 MPH)
Batting: LHB Peter Conrad 0-0: Called Strike
0-1: Ball
1-1: Called Strike
1-2: Fly out, F9 (Flyball, 9D, EV 92.5 MPH)
Runner from 2nd tags up, SAFE at 3rd, no throw by RF
Batting: LHB Michael Freeman 0-0: Ball
1-0: Foul Ball, location: 7LDF
1-1: Ball
2-1: Foul Ball, location: 5DF
2-2: Foul Ball, location: 7LDF
2-2: Fly out, F6 (Flyball, 4MD, EV 85.0 MPH)
Bottom of the 1st over - 0 runs, 1 hit, 0 errors, 1 left on base; St. Louis 0 - Arizona 0
TOP OF THE 2ND
St. Louis Cardinals batting - Pitching for Arizona Diamondbacks : RHP Jon Brownell
Batting: RHB Dan Moore 0-0: Swinging Strike
0-1: Hit by Pitch
Batting: SHB Lucas Cavanaugh 0-0: Foul Ball, location: 3FF
0-1: Foul Ball, location: 3F
0-2: Fly out, F2 (Popup, 2LF, EV 91.9 MPH)
Batting: RHB Paco Paredes 0-0: Ball
1-0: Called Strike
1-1: Swinging Strike
1-2: Ball
2-2: Strikes out looking
Batting: SHB Sammy Horgan 0-0: Foul Ball, location: 3F
0-1: Foul Ball, location: 2F
0-2: Foul Ball, location: 7LMF
0-2: Ball
Dan Moore is caught stealing 2nd base 2-6
Top of the 2nd over - 0 runs, 0 hits, 0 errors, 0 left on base; St. Louis 0 - Arizona 0
BOTTOM OF THE 2ND
Arizona Diamondbacks batting - Pitching for St. Louis Cardinals : RHP Jamison Bond
Batting: RHB Duncan Hancock 0-0: Ball
1-0: Fly out, F8 (Flyball, 8LM, EV 85.0 MPH)
Batting: LHB Oliver Paradis 0-0: Ball
1-0: Ball
2-0: Ball
3-0: Called Strike
3-1: Base on Balls
Batting: RHB Micah Callis 0-0: Called Strike
0-1: Fly out, F4 (Line Drive, 4M, EV 72.5 MPH)
Batting: RHB Tadd Bateman 0-0: Foul Ball, location: 5F
0-1: Ball
1-1: Ball
2-1: Called Strike
2-2: Fly out, F7 (Line Drive, 7D, EV 96.9 MPH)
Bottom of the 2nd over - 0 runs, 0 hits, 0 errors, 1 left on base; St. Louis 0 - Arizona 0
TOP OF THE 3RD
St. Louis Cardinals batting - Pitching for Arizona Diamondbacks : RHP Jon Brownell
Batting: SHB Sammy Horgan 0-0: Called Strike
0-1: SINGLE (Line Drive, 89M, EV 93.8 MPH)
Batting: LHB Marcus Jones 0-0: Swinging Strike
0-1: Ball
1-1: Called Strike
1-2: Ball
2-2: Ball
3-2: Foul Ball, location: 2F
3-2: Foul Ball, location: 25FF
3-2: Strikes out swinging
Batting: RHB Thomas Hale 0-0: Called Strike
0-1: Ball
1-1: Ball
2-1: Ball
3-1: Base on Balls
Sammy Horgan to second
Batting: SHB Joseph Mitchell 0-0: Ball
1-0: Ball
2-0: SINGLE (Line Drive, 9S, EV 86.3 MPH)
Sammy Horgan to third
Thomas Hale to second
Batting: LHB Josef Rosendorff 0-0: Called Strike
0-1: Swinging Strike
0-2: Ball
1-2: Strikes out swinging
Batting: RHB Edward Lepak 0-0: SINGLE (Line Drive, 56D, EV 105.0 MPH)
Sammy Horgan scores
Thomas Hale to third
Joseph Mitchell to second
Runner from 3rd tries for Home, SAFE, throw by LF to home
Batting: RHB Dan Moore 0-0: Ball
1-0: Ball
2-0: Ball
3-0: Called Strike
3-1: Foul Ball, location: 2F
3-2: Foul Ball, location: 2F
3-2: Strikes out looking
Top of the 3rd over - 2 runs, 3 hits, 0 errors, 2 left on base; St. Louis 2 - Arizona 0
BOTTOM OF THE 3RD
Arizona Diamondbacks batting - Pitching for St. Louis Cardinals : RHP Jamison Bond
Batting: RHB Luís Estrada 0-0: Ground out 6-3 (Groundball, 56, EV 107.5 MPH)
Batting: RHB Gaius Raton 0-0: Ball
1-0: Called Strike
1-1: Ball
2-1: Foul Ball, location: 2F
2-2: Ground out 6-3 (Groundball, 6M, EV 83.8 MPH)
Batting: LHB Glenn Pichardo 0-0: Foul Ball, location: 2F
0-1: Foul Ball, location: 3FF
0-2: Fly out, F4 (Popup, 34D, EV 56.9 MPH)
Bottom of the 3rd over - 0 runs, 0 hits, 0 errors, 0 left on base; St. Louis 2 - Arizona 0
TOP OF THE 4TH
St. Louis Cardinals batting - Pitching for Arizona Diamondbacks : RHP Jon Brownell
Batting: SHB Lucas Cavanaugh 0-0: Swinging Strike
0-1: Ball
1-1: Called Strike
1-2: Fly out, F9 (Flyball, 9, EV 93.8 MPH)
Batting: RHB Paco Paredes 0-0: Ball
1-0: Ball
2-0: Fly out, F8 (Flyball, 8RD, EV 81.9 MPH)
Batting: SHB Sammy Horgan 0-0: Ball
1-0: Fly out, F9 (Flyball, 9, EV 86.3 MPH)
Top of the 4th over - 0 runs, 0 hits, 0 errors, 0 left on base; St. Louis 2 - Arizona 0
BOTTOM OF THE 4TH
Arizona Diamondbacks batting - Pitching for St. Louis Cardinals : RHP Jamison Bond
Batting: LHB Peter Conrad 0-0: Ball
1-0: Called Strike
1-1: Foul Ball, location: 2F
1-2: Strikes out looking
Batting: LHB Michael Freeman 0-0: Foul Ball, location: 2F
0-1: Ball
1-1: Ball
2-1: Foul Ball, location: 7LSF
2-2: Foul Ball, location: 2F
2-2: Fly out, F9 (Line Drive, 89M, EV 92.5 MPH)
Batting: RHB Duncan Hancock 0-0: SINGLE (Line Drive, 34D, EV 93.8 MPH)
Batting: LHB Oliver Paradis 0-0: SINGLE (Groundball, 15S, EV 76.9 MPH) (infield hit)
Duncan Hancock to second
Batting: RHB Micah Callis 0-0: Foul Ball, location: 2F
0-1: SINGLE (Flyball, 5D, EV 95.0 MPH)
Duncan Hancock to third
Oliver Paradis to second
Runner from 3rd tries for Home, throw by LF and OUT! 7-2
Bottom of the 4th over - 0 runs, 3 hits, 0 errors, 2 left on base; St. Louis 2 - Arizona 0
TOP OF THE 5TH
St. Louis Cardinals batting - Pitching for Arizona Diamondbacks : RHP Jon Brownell
Batting: LHB Marcus Jones 0-0: Ball
1-0: SOLO HOME RUN (Flyball, 78XD, EV 97.5 MPH), Distance : 381 ft
Batting: RHB Thomas Hale 0-0: Ground out 5-3 (Groundball, 56S, EV 88.8 MPH)
Batting: SHB Joseph Mitchell 0-0: Called Strike
0-1: SINGLE (Groundball, 4S, EV 66.3 MPH) (infield hit)
Batting: LHB Josef Rosendorff 0-0: Called Strike
Joseph Mitchell steals 2nd base
0-1: Called Strike
0-2: Ball
1-2: Strikes out swinging
Batting: RHB Edward Lepak 0-0: Ball
1-0: Foul Ball, location: 2F
1-1: Ball
2-1: Ball
3-1: Foul Ball, location: 2F
3-2: Ground out 5-3 (Groundball, 56, EV 104.4 MPH)
Top of the 5th over - 1 run, 2 hits, 0 errors, 1 left on base; St. Louis 3 - Arizona 0
BOTTOM OF THE 5TH
Arizona Diamondbacks batting - Pitching for St. Louis Cardinals : RHP Jamison Bond
Batting: RHB Tadd Bateman 0-0: Ground out 2-3 (Groundball, 2L, EV 71.3 MPH)
Batting: RHB Luís Estrada 0-0: Foul Ball, location: 2F
0-1: Fly out, F9 (Flyball, 9LS, EV 93.1 MPH)
Batting: RHB Gaius Raton 0-0: Called Strike
0-1: Swinging Strike
0-2: Ball
1-2: Ball
2-2: Foul Ball, location: 7LSFF
2-2: Ball
3-2: Base on Balls
Batting: LHB Glenn Pichardo 0-0: Ground out U3 (Groundball, 3S, EV 84.4 MPH)
Bottom of the 5th over - 0 runs, 0 hits, 0 errors, 1 left on base; St. Louis 3 - Arizona 0
TOP OF THE 6TH
St. Louis Cardinals batting - Pitching for Arizona Diamondbacks : RHP Jon Brownell
Batting: RHB Dan Moore 0-0: Swinging Strike
0-1: Ball
1-1: Ball
2-1: Ground out 4-3 (Groundball, 4, EV 104.4 MPH)
Batting: SHB Lucas Cavanaugh 0-0: Called Strike
0-1: Ball
1-1: Called Strike
1-2: Strikes out swinging
Batting: RHB Paco Paredes 0-0: Called Strike
0-1: Ball
1-1: Foul Ball, location: 3F
1-2: Foul Ball, location: 2F
1-2: Ball
2-2: Ball
3-2: Foul Ball, location: 5F
3-2: Foul Ball, location: 7LMF
3-2: SINGLE (Groundball, 4MD, EV 99.4 MPH)
Pitching: RHP Elyaniv Segel
Batting: SHB Sammy Horgan 0-0: Ball
1-0: Ball
2-0: Called Strike
2-1: Ball
Passed Ball!
Paco Paredes to second
3-1: Base on Balls
Batting: LHB Marcus Jones 0-0: Called Strike
0-1: Called Strike
0-2: Ball
1-2: Ball
2-2: Foul Ball, location: 2LF
2-2: Ball
3-2: Foul Ball, location: 2F
3-2: Base on Balls
Paco Paredes to third
Sammy Horgan to second
Batting: RHB Thomas Hale 0-0: Ball
1-0: Ball
2-0: Called Strike
2-1: Fielders Choice at 2nd, 6-4 (Groundball, 6, EV 98.1 MPH)
Top of the 6th over - 0 runs, 1 hit, 0 errors, 3 left on base; St. Louis 3 - Arizona 0
BOTTOM OF THE 6TH
Arizona Diamondbacks batting - Pitching for St. Louis Cardinals : RHP Jamison Bond
Batting: LHB Peter Conrad 0-0: Ball
1-0: Fly out, F4 (Popup, 4, EV 63.1 MPH)
Batting: LHB Michael Freeman 0-0: Ball
1-0: Swinging Strike
1-1: Fly out, F3 (Popup, 34S, EV 64.4 MPH)
Batting: RHB Duncan Hancock 0-0: Foul Ball, location: 2F
0-1: Ball
1-1: Ground out 5-3 (Groundball, 56, EV 86.3 MPH)
Bottom of the 6th over - 0 runs, 0 hits, 0 errors, 0 left on base; St. Louis 3 - Arizona 0
TOP OF THE 7TH
St. Louis Cardinals batting - Pitching for Arizona Diamondbacks : RHP Elyaniv Segel
Pitching: RHP Rod Vogt
Batting: SHB Joseph Mitchell 0-0: Called Strike
0-1: Ball
1-1: Ball
2-1: SINGLE (Line Drive, 56, EV 96.9 MPH)
Batting: LHB Josef Rosendorff 0-0: Swinging Strike
0-1: Swinging Strike
0-2: Ball
1-2: Strikes out swinging
Batting: RHB Edward Lepak 0-0: DOUBLE (Line Drive, 89M, EV 91.9 MPH)
Joseph Mitchell to third
Batting: RHB Dan Moore 0-0: Called Strike
0-1: Foul Ball, location: 7LSF
0-2: Ball
1-2: DOUBLE (Line Drive, 9LS, EV 97.5 MPH)
Joseph Mitchell scores
Edward Lepak scores
Batting: SHB Lucas Cavanaugh 0-0: Ball
1-0: Fly out, F8 (Flyball, 8LM, EV 76.3 MPH)
Batting: RHB Paco Paredes 0-0: Swinging Strike
0-1: Ball
1-1: Called Strike
1-2: Fly out, F5 (Popup, 25F, EV 91.9 MPH)
Top of the 7th over - 2 runs, 3 hits, 0 errors, 1 left on base; St. Louis 5 - Arizona 0
BOTTOM OF THE 7TH
Arizona Diamondbacks batting - Pitching for St. Louis Cardinals : RHP Jamison Bond
Batting: LHB Oliver Paradis 0-0: Ball
1-0: SINGLE (Groundball, 25, EV 69.4 MPH) (infield hit)
Batting: RHB Micah Callis 0-0: Foul Ball, location: 9LMF
0-1: Called Strike
0-2: Foul Ball, location: 25FF
0-2: Ball
1-2: Ball
2-2: Fly out, F9 (Flyball, 9LS, EV 83.1 MPH)
Batting: RHB Tadd Bateman 0-0: Swinging Strike
0-1: Called Strike
0-2: Strikes out looking
Batting: RHB Luís Estrada 0-0: Ball
1-0: Ground out 5-3 (Groundball, 56S, EV 91.9 MPH)
Bottom of the 7th over - 0 runs, 1 hit, 0 errors, 1 left on base; St. Louis 5 - Arizona 0
TOP OF THE 8TH
St. Louis Cardinals batting - Pitching for Arizona Diamondbacks : RHP Rod Vogt
Batting: SHB Sammy Horgan 0-0: Foul Ball, location: 2F
0-1: Foul Ball, location: 3FF
0-2: Ball
1-2: Ball
2-2: Ball
3-2: Fly out, F4 (Popup, 4, EV 70.0 MPH)
Batting: LHB Marcus Jones 0-0: Ball
1-0: Ball
2-0: Ball
3-0: Foul Ball, location: 25F
3-1: Ground out 4-3 (Groundball, 34, EV 67.5 MPH)
Batting: RHB Thomas Hale 0-0: Ball
1-0: Called Strike
1-1: Foul Ball, location: 7LMFF
1-2: Strikes out swinging, 2-3 out at first.
Top of the 8th over - 0 runs, 0 hits, 0 errors, 0 left on base; St. Louis 5 - Arizona 0
BOTTOM OF THE 8TH
Arizona Diamondbacks batting - Pitching for St. Louis Cardinals : RHP Jamison Bond
Batting: RHB Gaius Raton 0-0: Swinging Strike
0-1: Foul Ball, location: 2F
0-2: Ground out 6-3 (Groundball, 6, EV 80.0 MPH)
Batting: LHB Glenn Pichardo 0-0: SINGLE (Flyball, 34D, EV 85.0 MPH)
Batting: LHB Peter Conrad 0-0: Foul Ball, location: 7LSF
0-1: Called Strike
0-2: Strikes out swinging
Batting: LHB Michael Freeman 0-0: Called Strike
0-1: Ball
1-1: Foul Ball, location: 2F
1-2: Foul Ball, location: 3F
1-2: Ball
2-2: SINGLE (Line Drive, 34D, EV 100.6 MPH)
Glenn Pichardo to second
Pitching: RHP Ian Gatta
Batting: RHB Duncan Hancock 0-0: Called Strike
0-1: Foul Ball, location: 2F
0-2: Ball
1-2: Strikes out looking
Bottom of the 8th over - 0 runs, 2 hits, 0 errors, 2 left on base; St. Louis 5 - Arizona 0
TOP OF THE 9TH
St. Louis Cardinals batting - Pitching for Arizona Diamondbacks : RHP Rod Vogt
Batting: SHB Joseph Mitchell 0-0: Called Strike
0-1: Ball
1-1: Called Strike
1-2: SINGLE (Line Drive, 8LS, EV 104.4 MPH)
Pitching: RHP Yadiel Berroa
Batting: LHB Josef Rosendorff 0-0: Ball
1-0: Called Strike
1-1: Fly out, F4 (Popup, 34, EV 63.8 MPH)
Batting: RHB Edward Lepak 0-0: Ball
1-0: Grounds into double play, 4-6-3 (Groundball, 4, EV 90.6 MPH)
Top of the 9th over - 0 runs, 1 hit, 0 errors, 0 left on base; St. Louis 5 - Arizona 0
BOTTOM OF THE 9TH
Arizona Diamondbacks batting - Pitching for St. Louis Cardinals : RHP Ian Gatta
Batting: LHB Oliver Paradis 0-0: Called Strike
0-1: Ball
1-1: Ball
2-1: Ball
3-1: Called Strike
3-2: Foul Ball, location: 3FF
3-2: Foul Ball, location: 3DF
3-2: Base on Balls
Batting: RHB Micah Callis 0-0: Called Strike
0-1: Ball
1-1: Ball
2-1: Called Strike
2-2: Ball
3-2: Foul Ball, location: 3F
3-2: Foul Ball, location: 3FF
3-2: Strikes out swinging
Oliver Paradis steals 2nd base
Batter strikes out.
Batting: RHB Tadd Bateman 0-0: Fly out, F7 (Flyball, 78M, EV 90.0 MPH)
Batting: RHB Luís Estrada 0-0: Called Strike
0-1: Ball
1-1: Swinging Strike
1-2: Fly out, F6 (Line Drive, 6M, EV 73.8 MPH)
Bottom of the 9th over - 0 runs, 0 hits, 0 errors, 1 left on base; St. Louis 5 - Arizona 0
Tuesday, April 23rd , 2024 - OOTP Baseball 24.11 Build 85